 Dungeon Crawl Stone Soup version 0.16.1-51-g6203257 (webtiles) character file.

1948 RepoMan the Changer (level 9, -3/40 HPs)
             Began as a Vine Stalker Transmuter on Aug 9, 2015.
             Was a Priest of Qazlal.
             Shot with an arrow by a centaur (8 damage)
             ... on level 8 of the Dungeon on Aug 10, 2015.
             The game lasted 01:03:34 (6472 turns).

RepoMan the Changer (Vine Stalker Transmuter)       Turns: 6472, Time: 01:03:34

Health: -3/40      AC:  7    Str: 16    XL:     9   Next: 18%
Magic:  0/23       EV: 12    Int: 13    God:    Qazlal [***...]
Gold:   490        SH:  3    Dex: 15    Spells: 3 memorised, 11 levels left

rFire  + . .     SeeInvis .       - Unarmed
rCold  . . .     Clarity  .     e - +2 leather armour {rF+} (curse)
rNeg   . . .     SustAb   .     (no shield)
rPois  .         Gourm    .     (helmet restricted)
rElec  .         Spirit   +     (no cloak)
rCorr  .         Warding  .     G - +1 pair of gloves
rMut   .         Stasis   .     (no boots)
MR     +....                    (no amulet)
Stlth  +.........               (no ring)
                                (no ring)

@: appendage (expiring), very slightly contaminated, somewhat resistant to
hostile enchantments, very unstealthy
A: fangs 3, horns 2, regeneration 2, magic shield, antimagic bite, no device
heal 3, rot immunity
a: End Transformation, Upheaval, Elemental Force, Renounce Religion


You were on level 8 of the Dungeon.
You worshipped Qazlal.
Qazlal was most pleased with you.
You were not hungry.
You had grown temporary horns.
You visited 2 branches of the dungeon, and saw 9 of its levels.
You also visited: Ossuary.

You collected 490 gold pieces.

Inventory:

Hand weapons
 i - a +0 blowgun
Missiles
 b - 30 arrows
 m - 37 poisoned needles
 D - 5 javelins (quivered)
Armour
 e - a cursed +2 leather armour of fire resistance (worn)
 t - a +0 ring mail
 w - a cursed steam dragon hide
 G - a +1 pair of gloves (worn)
Jewellery
 F - the ring of Jibrub {+Blink rF+ EV+6 Str-5 Int+2}
   (You found it on level 7 of the Dungeon)

   [ring of evasion]

   It affects your evasion (+6).
   It affects your strength (-5).
   It affects your intelligence (+2).
   It protects you from fire.
   It lets you blink.
Magical devices
 u - a wand of enslavement (12)
 E - a wand of frost (31)
Scrolls
 h - a scroll of immolation
 j - 3 scrolls of recharging
 k - 2 scrolls of enchant weapon
 l - a scroll of remove curse
 n - 2 scrolls of identify
 r - 2 scrolls of amnesia
 v - a scroll of magic mapping
 y - a scroll of teleportation {unknown}
Potions
 g - a potion of ambrosia
 o - 4 potions of curing
 p - 3 potions of restore abilities {unknown}
 q - 3 potions of flight {unknown}
 x - a potion of mutation {unknown}
 z - a potion of haste {unknown}
 A - 2 potions of lignification {unknown}
 B - 3 potions of agility {unknown}
 C - a potion of degeneration {unknown}
 I - a potion of might
Books
 d - a book of Changes

   Spells                             Type                      Level
   a - Beastly Appendage              Transmutation                1
   b - Sticks to Snakes               Transmutation                2
   c - Spider Form                    Transmutation/Poison         3
   d - Ice Form                       Ice/Transmutation            4
   e - Blade Hands                    Transmutation                5
 H - a book of the Dragon

   Spells                             Type                      Level
   a - Flight                         Charms/Air                   3
   b - Cause Fear                     Hexes                        4
   c - Bolt of Fire                   Conjuration/Fire             6
   d - Dragon Form                    Transmutation                7
   e - Dragon's Call                  Summoning                    9
Comestibles
 a - 8 bread rations
 f - 5 beef jerkies
 s - a meat ration
 J - 7 slices of pizza


   Skills:
 - Level 0.8 Fighting
 + Level 4.1 Armour
 - Level 1.5 Dodging
 + Level 6.1 Unarmed Combat
 + Level 5.5 Spellcasting
 * Level 7.6 Transmutations


You had 11 spell levels left.
You knew the following spells:

 Your Spells              Type           Power        Failure   Level  Hunger
a - Beastly Appendage     Trmt           ###...       1%          1    None
b - Blade Hands           Trmt           ###.......   24%         5    ######.
s - Sticks to Snakes      Trmt           ###.......   1%          2    ##.....


Dungeon Overview and Level Annotations

Branches:
Dungeon (8/15)             Temple (1/1) D:4
   Lair: D:8-11

Altars:
Cheibriados
Dithmenos
Elyvilon
Nemelex Xobeh
Okawaru
Qazlal
Ru
Sif Muna
Trog
Vehumet
Xom
Yredelemnul
Zin
The Shining One

Annotations:
D:5 krupnik16's ghost, experienced HEWz


Innate Abilities, Weirdness & Mutations

You have razor-sharp teeth.
You heal very quickly.
When hurt, damage is shared between your health and your magic reserves.
Your bite disrupts and absorbs the magic of your enemies.
Potions and wands cannot restore your health.
You are immune to rotting.
You have a pair of horns on your head.


Message History

Your transformation is almost over.
The wyvern bites you!
* * * LOW HITPOINT WARNING * * *
Things that are here:
a flail; an orc corpse Read which item? (? for menu, Esc to quit)
Okay, then.
Read which item? (? for menu, Esc to quit)
Okay, then.
Unknown command.
Drink which item? (? for menu, Esc to quit)
Okay, then.
Read which item? (? for menu, Esc to quit)
Blink to where?
Press: ? - help, Dir - move target cursor, p - centaur You are very lightly contaminated with residual magic.
As you read the scroll of blinking, it crumbles to dust.
The centaur wields an uncursed shortbow.
The centaur shoots an arrow.
The arrow hits you!
You die...

... ###########
>.....##
........<.#
........
########..#
#.........# #..##
.......#.### ##.##
......#...######..#
##.....##..#...#.##
##................#
#....@..........###
#...##.#...##..##
#.. ##.'###......
#...##.....##...###
#............#...##
.#....(.._........#
##..#.....ยง#......
#...#...cD##.....
#..#..#+#o(#...


You could see a centaur.

Vanquished Creatures
  The ghost of Enish the Spear-Bearer, an experienced DsWr (D:6)
  A human (D:7)
  A steam dragon (D:6)
  A big kobold (D:7)
  2 water moccasin zombies (Ossuary)
  A giant frog (D:6)
  2 crimson imps
  A giant frog skeleton (D:7)
  A goliath beetle (D:6)
  4 hounds
  A jelly (D:6)
  2 orc priests (D:7)
  A centaur skeleton (D:5)
  2 orc wizards
  2 sheep (D:7)
  4 worker ants
  Ijyb (D:2)
  3 big kobold zombies (Ossuary)
  2 mummies (Ossuary)
  A shadow imp (D:8)
  6 adders
  2 worms
  3 adder zombies (Ossuary)
  2 oozes (D:2)
  3 giant geckos
  11 orcs
  6 ball pythons
  15 bats
  5 giant cockroaches
  A gnoll zombie (Ossuary)
  19 goblins
  8 hobgoblins
  5 giant newts
  A goblin zombie (D:8)
  9 hobgoblin zombies
  7 jackals
  A jackal skeleton (D:8)
  13 kobolds
  3 kobold skeletons (D:8)
  4 kobold zombies
  An orc skeleton (D:8)
  7 orc zombies
  4 quokkas
  12 rats
  3 ballistomycetes (D:7)
185 creatures vanquished.

Vanquished Creatures (collateral kills)
  A yak (D:7)
  A centaur (D:3)
  An ogre (D:6)
  A worker ant (D:6)
  A sheep (D:7)
  2 gnolls (D:5)
  4 adders
  2 orcs
  A giant cockroach (D:3)
  3 goblins
  A quokka (D:4)
  2 jackals (D:5)
  2 kobolds
  A rat (D:2)
23 creatures vanquished.

Vanquished Creatures (others)
  A giant spore (D:7)
1 creature vanquished.

Grand Total: 209 creatures vanquished

Notes
Turn   | Place    | Note
--------------------------------------------------------------
     0 | D:1      | RepoMan, the Vine Stalker Transmuter, began the quest for the Orb.
     0 | D:1      | Reached XP level 1. HP: 9/9 MP: 3/3
   227 | D:1      | Reached XP level 2. HP: 12/14 MP: 3/5
   231 | D:1      | Learned a level 2 spell: Sticks to Snakes
   998 | D:2      | Reached XP level 3. HP: 14/17 MP: 4/7
  1095 | D:2      | Found a snail-covered altar of Cheibriados.
  1280 | D:2      | Reached skill level 1 in Armour
  1562 | D:2      | Reached XP level 4. HP: 19/21 MP: 9/9
  1875 | D:2      | Noticed Ijyb
  1909 | D:2      | Killed Ijyb
  2253 | D:3      | Noticed a centaur
  2265 | D:3      | Killed a centaur
  2265 | D:3      | Reached XP level 5. HP: 10/25 MP: 8/12
  2548 | D:3      | Reached skill level 4 in Unarmed Combat
  2962 | D:4      | Gained mutation: You heal very quickly. [vine stalker growth]
  2962 | D:4      | Reached XP level 6. HP: 25/29 MP: 6/14
  2975 | D:4      | Found a staircase to the Ecumenical Temple.
  2992 | Temple   | Entered the Ecumenical Temple
  3057 | Temple   | Became a worshipper of Qazlal Stormbringer
  3344 | D:5      | Entered Level 5 of the Dungeon
  3750 | D:5      | Noticed krupnik16's ghost (experienced HEWz)
  3916 | D:6      | Acquired Qazlal's first power
  3926 | D:6      | Reached XP level 7. HP: 32/32 MP: 5/17
  3967 | D:6      | Reached skill level 5 in Transmutations
  4048 | D:6      | Noticed Enish's ghost (experienced DsWr)
  4338 | D:6      | Killed Enish's ghost
  4338 | D:6      | Reached skill level 5 in Unarmed Combat
  4338 | D:6      | Gained mutation: You have razor-sharp teeth. [vine stalker growth]
  4338 | D:6      | Reached XP level 8. HP: 26/37 MP: 0/20
  4529 | D:6      | Found a shadowy altar of Dithmenos.
  4546 | D:6      | Reached skill level 6 in Transmutations
  4548 | D:6      | Noticed a steam dragon
  4566 | D:6      | Killed a steam dragon
  5333 | D:7      | Found a sand-covered staircase.
  5338 | Ossuary  | Entered an ossuary
  5370 | Ossuary  | Acquired Qazlal's second power
  5394 | Ossuary  | Reached skill level 5 in Spellcasting
  5411 | Ossuary  | Learned a level 5 spell: Blade Hands
  5779 | D:7      | Reached skill level 7 in Transmutations
  5892 | D:7      | Got a shimmering copper ring
  5937 | D:7      | Identified the ring of Jibrub {+Blink rF+ EV+6 Str-5 Int+2} (You found it on level 7 of the Dungeon)
  6165 | D:7      | Reached XP level 9. HP: 32/40 MP: 23/23
  6430 | D:8      | Found a glowing golden altar of the Shining One.
  6456 | D:8      | Acquired Qazlal's third power
  6472 | D:8      | Shot with an arrow by a centaur

Action                   |  1- 3 |  4- 6 |  7- 9 || total
-------------------------+-------+-------+-------++-------
Melee: Unarmed           |   139 |   247 |   350 ||   736
 Fire: Blowgun           |       |    18 |     4 ||    22
 Cast: Beastly Appendage |     4 |     6 |    12 ||    22
       Sticks to Snakes  |     3 |    26 |    41 ||    70
  Use: Potion            |       |     5 |       ||     5
       Scroll            |       |       |    10 ||    10
 Stab: Distracted        |       |     1 |       ||     1
       Sleeping          |       |     1 |       ||     1
  Eat: Chunk             |     2 |     5 |     7 ||    14
       Meat ration       |       |     1 |       ||     1
       Pizza             |       |       |     1 ||     1
       Beef jerky        |       |       |     1 ||     1
